 Dungeon Crawl Stone Soup version 0.21.1-1-g345015f (webtiles) character file.

61406 VersusAllOdds the Tortoise (level 14, -1/135 HPs)
             Began as a Minotaur Fighter on July 15, 2018.
             Was the Champion of Qazlal.
             Slain by a sun demon (5 damage)
             ... on level 2 of the Abyss.
             The game lasted 02:14:19 (19899 turns).

VersusAllOdds the Tortoise (Minotaur Fighter)      Turns: 19899, Time: 02:14:20

Health: -1/135     AC: 16    Str: 26    XL:     14   Next: 60%
Magic:  16/16      EV:  9    Int:  5    God:    Qazlal [******]
Gold:   1949       SH: 29    Dex: 10    Spells: 13/13 levels left

rFire    + . .     SeeInvis +   w - +3 falchion (elec)
rCold    . . .     Gourm    .   X - +0 large shield
rNeg     . . .     Faith    .   C - +0 steam dragon scales
rPois    .         Spirit   .   (helmet restricted)
rElec    .         Reflect  .   T - +0 cloak
rCorr    .         Harm     .   L - +0 pair of gloves
MR       +....                  N - +0 pair of boots
Stlth    +.........             F - amulet of regeneration
HPRegen  0.72/turn              B - ring of see invisible
MPRegen  0.15/turn              c - +3 ring of protection

@: about to teleport, protected from fire, very slightly contaminated, slowed,
repel missiles, very slow
A: retaliatory headbutt, horns 2
a: Upheaval, Elemental Force, Disaster Area, Renounce Religion


You were on level 2 of the Abyss.
You worshipped Qazlal.
Qazlal was exalted by your worship.
You were hungry.

You visited 4 branches of the dungeon, and saw 19 of its levels.
You visited the Abyss 1 time.

You collected 1949 gold pieces.

Inventory:

Hand Weapons
 u - a +0 short sword of venom
 w - a +3 falchion of electrocution (weapon)
Armour
 C - +0 steam dragon scales (worn)
 L - a +0 pair of gloves (worn)
 M - a +0 plate armour
 N - a +0 pair of boots (worn)
 T - a +0 cloak (worn)
 X - a +0 large shield (worn)
Jewellery
 c - a +3 ring of protection (right hand)
 y - a +3 ring of dexterity
 B - a ring of see invisible (left hand)
 F - an amulet of regeneration (around neck)
 U - an uncursed ring of flight
Wands
 h - a wand of scattershot (4)
 k - a wand of digging (10)
 x - a wand of flame (35)
 H - a wand of iceblast (12)
 J - a wand of polymorph (2)
 Q - a wand of paralysis (1)
 S - a wand of acid (13)
 V - a wand of random effects (56)
 W - a wand of disintegration (10)
Scrolls
 a - 2 scrolls of enchant weapon
 b - a scroll of vulnerability {unknown}
 g - 4 scrolls of magic mapping
 i - 5 scrolls of identify
 j - 8 scrolls of remove curse
 l - 3 scrolls of amnesia
 o - a scroll of fear {unknown}
 p - a scroll of enchant armour
 q - 3 scrolls of teleportation
 r - a scroll of summoning {unknown}
 E - a scroll of noise
 Z - a scroll of immolation {unknown}
Potions
 d - 2 potions of might
 e - 6 potions of degeneration
 m - 6 potions of curing
 n - a potion of invisibility
 s - 5 potions of lignification
 t - a potion of magic
 v - 2 potions of cancellation
 z - 7 potions of flight
 A - a potion of resistance
 I - 2 potions of ambrosia
 K - a potion of berserk rage
 O - a potion of brilliance
 R - 2 potions of mutation
 Y - a potion of heal wounds
Comestibles
 f - 16 rations
 G - 2 chunks of flesh


   Skills:
 + Level 15.3 Fighting
 - Level 14.0 Long Blades
 + Level 15.6 Armour
 - Level 0.4 Dodging
 - Level 0.4 Stealth
 - Level 15.0 Shields
 - Level 5.0 Evocations


You had 13 spell levels left.
You didn't know any spells.

Dungeon Overview and Level Annotations

Branches:
Dungeon (15/15)            Temple (1/1) D:6            Lair (0/6) D:9
    Orc (2/2) D:9             Elf (1/3) Orc:2        Vaults (0/5) D:13
 Depths: D:15

Altars:
Ashenzari
Cheibriados
Dithmenos
Elyvilon
Fedhas
Hepliaklqana
Kikubaaqudgha
Nemelex Xobeh
Okawaru
Qazlal
Ru
Sif Muna
Trog
Uskayaw
Vehumet
Wu Jian
Xom
Yredelemnul
Zin
The Shining One
Beogh

Shops:
D:9 =   D:10 *   Orc:1 *   Orc:2 [?!}

Annotations:
D:9 Erolcha
D:11 aimeelou's ghost, journeyman GrFi
D:12 Rupert
D:14 exclusion: Roxanne, Roxanne


Innate Abilities, Weirdness & Mutations

You reflexively headbutt those who attack you in melee.
You have a pair of horns on your head.


Message History

You hear a roar!
You hear a horrible gurgling sound!
The death drake breathes miasma at you.
The foul vapour engulfs the sun demon.
The sun demon completely resists.
You block the sun demon's attack.
A blizzard demon comes into view.
As you read the scroll of teleportation, it crumbles to dust.
You feel strangely unstable.
You feel the power of the Abyss delaying your translocation!
You block the sun demon's attack. The blizzard demon gestures at you.
The freezing blast engulfs you!
* * * LOW HITPOINT WARNING * * *
A green death comes into view.
You hear an angry hiss.
The sun demon hits you!
* * * LOW HITPOINT WARNING * * *
You are engulfed in flames.
You resist.
You feel more protected from fire.
You die...

.....#.3§.#
#....
#.####..
..#...#. ..
. ##
..###55.. #
.# #
.###535##..#
###.. #W##
## . . # ##.
#.# # . #k#
# # .. ##3##
. #2§@#.
#.§..§#
...2.......
. .
....##.##.##
..#.. #.. ##
.#.# #.# ##
#.. #.


You could see a death drake, a green death, a blizzard demon, a sun demon, a
sixfirhy, a hungry ghost and 3 ufetubi.

Vanquished Creatures
  An orc warlord (D:9)
  A great orb of eyes (Abyss:2)
  2 vault guards (D:13)
  3 two-headed ogres
  A tengu warrior (D:13)
  3 orc high priests (Orc:2)
  8 deep elf knights (Elf:1)
  Sonja (D:13)
  An unseen horror (D:13)
  A death drake (shapeshifter) (Elf:1)
  A glowing orange brain (shapeshifter) (Elf:1)
  A necromancer (D:13)
  4 deep elf archers (Elf:1)
  Pikel (D:5)
  32 deep elf magi
  5 orc knights
  An ugly thing (D:13)
  5 orc sorcerers
  2 cyclopes
  3 slime creatures (D:12)
  A manticore (D:13)
  2 elephants (shapeshifter)
  The ghost of olivier the Chopper, a novice MiFi of Okawaru (D:4)
  A guardian serpent (shapeshifter) (Elf:1)
  The ghost of soepske the Insei, a novice GnTm (D:6)
  2 komodo dragons
  A freezing wraith (D:14)
  3 tengu conjurers
  An ancient zyme (Abyss:2)
  6 trolls
  A meliai (shapeshifter) (D:15)
  Prince Ribbit (D:7)
  4 hippogriffs
  A meliai zombie (D:12)
  Grinder (D:5)
  39 dancing weapons
  10 yaks
  2 air elementals
  A water elemental (Elf:1)
  4 wraiths
  A shadow (D:14)
  2 basilisks
  22 humans (D:13)
  A wyvern (D:13)
  A steam dragon (D:13)
  2 hungry ghosts
  2 wargs (Orc:1)
  A floating eye (D:12)
  A water moccasin (D:10)
  A slave (D:6)
  5 sky beasts
  5 ice beasts
  4 necrophages
  24 orc warriors
  3 phantoms
  9 ogres
  15 centaurs
  A small abomination (Abyss:2)
  8 bullfrogs
  A gnoll sergeant (D:9)
  3 scorpions
  2 troll zombies (D:15)
  9 wights
  6 howler monkeys
  6 crimson imps
  3 centaur zombies
  2 quasits
  A bullfrog zombie (D:13)
  3 human zombies (D:15)
  A jelly (D:6)
  6 hounds
  19 orc priests
  3 centaur skeletons
  16 orc wizards
  5 bullfrog skeletons
  An iguana (D:9)
  Natasha (thrice) (D:4)
  7 worker ants
  A hound skeleton (D:7)
  3 hound zombies
  4 mummies
  Robin (D:3)
  A howler monkey skeleton (D:8)
  9 gnolls
  15 adders
  3 shadow imps
  An ooze (D:2)
  3 adder skeletons
  A worm (D:3)
  5 dart slugs
  4 leopard geckos
  59 orcs
  2 bats
  2 giant cockroaches
  10 hobgoblins
  2 jackals (D:6)
  7 kobolds
  8 quokkas
  A ball python (D:7)
  A frilled lizard (D:2)
  10 goblins
  2 hobgoblin zombies (D:5)
  A kobold zombie (D:5)
  2 orc zombies
  A quokka skeleton (D:7)
  8 rats
532 creatures vanquished.

Vanquished Creatures (others)
  A deep elf knight (Elf:1)
  4 plants (D:9)
5 creatures vanquished.

Grand Total: 537 creatures vanquished

Notes
Turn   | Place    | Note
-------+----------+-------------------------------------------
     0 | D:1      | VersusAllOdds the Minotaur Fighter began the quest for the Orb.
     0 | D:1      | Reached XP level 1. HP: 19/19 MP: 0/0
   199 | D:1      | Reached XP level 2. HP: 27/27 MP: 1/1
  1347 | D:2      | Reached XP level 3. HP: 33/33 MP: 2/2
  1480 | D:2      | Reached skill level 5 in Armour
  1548 | D:2      | Found a faded altar of an unknown god.
  2180 | D:3      | Reached XP level 4. HP: 35/40 MP: 3/3
  2275 | D:3      | Found a radiant altar of Vehumet.
  2279 | D:3      | Found an ancient bone altar of Kikubaaqudgha.
  2280 | D:3      | Found a deep blue altar of Sif Muna.
  2283 | D:3      | Identified Sif Muna's Collected Works on Beguiling
  2617 | D:3      | Found an iron altar of Okawaru.
  2676 | D:3      | Found a hide-covered altar of Uskayaw.
  3017 | D:4      | Reached XP level 5. HP: 46/46 MP: 4/4
  3112 | D:4      | Noticed olivier's ghost (novice MiFi)
  3238 | D:4      | Found an iron altar of Okawaru.
  3468 | D:4      | Found a bloodstained altar of Trog.
  3615 | D:4      | Noticed Robin
  3667 | D:3      | Killed Robin
  3670 | D:3      | Reached XP level 6. HP: 37/53 MP: 5/5
  3858 | D:4      | Noticed Natasha
  3928 | D:4      | Killed Natasha
  4064 | D:4      | Noticed Natasha
  4067 | D:4      | Killed Natasha
  4087 | D:4      | Noticed Natasha
  4337 | D:4      | Killed Natasha
  4337 | D:4      | Reached skill level 5 in Shields
  4429 | D:5      | Entered Level 5 of the Dungeon
  4487 | D:5      | Reached skill level 5 in Fighting
  4591 | D:5      | Reached skill level 5 in Long Blades
  4731 | D:5      | Reached XP level 7. HP: 35/61 MP: 6/6
  4888 | D:5      | Noticed Grinder
  4889 | D:5      | Paralysed by Grinder for 6 turns
  4899 | D:5      | Paralysed by Grinder for 3 turns
  4969 | D:5      | Killed Grinder
  5469 | D:5      | Noticed Pikel
  5514 | D:5      | Killed Pikel
  5514 | D:5      | Reached XP level 8. HP: 68/71 MP: 7/7
  5967 | D:6      | Found a staircase to the Ecumenical Temple.
  6060 | D:6      | Noticed soepske's ghost (novice GnTm)
  6163 | D:6      | Killed soepske's ghost
  6319 | D:6      | Reached XP level 9. HP: 79/79 MP: 8/8
  6396 | D:6      | Found a snail-covered altar of Cheibriados.
  6537 | Temple   | Entered the Ecumenical Temple
  6725 | Temple   | Became a worshipper of the Wu Jian Council
  6738 | Temple   | Fell from the grace of Wu Jian
  6738 | Temple   | Became a worshipper of Qazlal Stormbringer
  6887 | D:7      | Found a hazy altar of Hepliaklqana.
  7596 | D:7      | Noticed Prince Ribbit
  7604 | D:7      | Killed Prince Ribbit
  7722 | D:4      | Killed olivier's ghost
  7835 | D:8      | Reached * piety under Qazlal
  8062 | D:8      | Reached XP level 10. HP: 85/91 MP: 9/9
  8607 | D:9      | Reached skill level 10 in Armour
  8629 | D:9      | Noticed Erolcha
  8657 | D:9      | Found Giuxem's Jewellery Boutique.
  8842 | D:9      | Reached ** piety under Qazlal
  8959 | D:9      | Reached skill level 10 in Shields
  9013 | D:9      | Noticed an angel
  9013 | D:9      | Found a glowing silver altar of Zin.
  9013 | D:9      | Found a shimmering altar of Xom.
  9088 | D:9      | Found a staircase to the Orcish Mines.
  9093 | D:9      | Found a roughly hewn altar of Beogh.
  9119 | D:9      | Reached skill level 10 in Fighting
  9529 | D:9      | Noticed a two-headed ogre
  9582 | D:8      | Noticed a two-headed ogre
  9674 | D:9      | Found a staircase to the Lair.
  9697 | D:9      | Reached skill level 10 in Long Blades
  9968 | D:10     | Entered Level 10 of the Dungeon
 10146 | D:10     | Noticed a two-headed ogre
 10154 | D:10     | Killed a two-headed ogre
 10709 | D:10     | Noticed a cyclops
 11144 | D:10     | Found Siriemiq's General Store.
 11169 | D:10     | Reached XP level 11. HP: 69/101 MP: 10/10
 11331 | D:10     | Was forgiven by Wu Jian
 11754 | D:11     | Noticed aimeelou's ghost (journeyman GrFi)
 12807 | D:12     | Reached *** piety under Qazlal
 13039 | D:12     | Noticed a two-headed ogre
 13043 | D:12     | a two-headed ogre changed into a floating eye
 13045 | D:12     | Paralysed by a floating eye for 4 turns
 13110 | D:12     | Noticed a two-headed ogre
 13661 | D:13     | Noticed Rupert
 13793 | D:13     | Noticed a tengu warrior
 14031 | D:13     | Killed a tengu warrior
 14031 | D:13     | Reached skill level 1 in Evocations
 14090 | D:13     | Noticed a deep elf mage
 14093 | D:13     | Killed a deep elf mage
 14147 | D:13     | Noticed a deep elf mage
 14185 | D:13     | Reached XP level 12. HP: 112/112 MP: 12/12
 14207 | D:12     | Killed a two-headed ogre
 14455 | D:13     | Reached **** piety under Qazlal
 14609 | D:13     | Noticed a vault guard
 14614 | D:13     | Noticed a vault guard
 14628 | D:13     | Killed a vault guard
 14642 | D:13     | Killed a vault guard
 14644 | D:13     | Reached skill level 5 in Evocations
 14860 | D:13     | Noticed Sonja
 15151 | D:13     | Killed Sonja
 15284 | D:13     | Noticed a two-headed ogre
 15292 | D:13     | Killed a two-headed ogre
 15325 | D:13     | Found a gate to the Vaults.
 15694 | D:14     | Noticed Roxanne
 15936 | D:14     | Reached ***** piety under Qazlal
 16004 | D:15     | Entered Level 15 of the Dungeon
 16038 | D:15     | Reached XP level 13. HP: 119/119 MP: 15/15
 16269 | D:15     | Found a basalt altar of Yredelemnul.
 16344 | D:15     | Noticed a fire dragon
 16349 | D:15     | Noticed a fire dragon
 16654 | Orc:1    | Entered Level 1 of the Orcish Mines
 16862 | Orc:1    | Noticed an orc warlord
 16909 | D:9      | Killed an orc warlord
 17018 | Orc:1    | Found Poecuent's General Store.
 17265 | Orc:2    | Entered Level 2 of the Orcish Mines
 17388 | Orc:2    | Found a staircase to the Elven Halls.
 18149 | Orc:2    | Found Bafysale's Gadget Shoppe.
 18149 | Orc:2    | Found Lusasuf's Distillery.
 18165 | Orc:2    | Found Yram Veate's Antique Armour Boutique.
 18170 | Orc:2    | Found Enuheki's Magic Scroll Boutique.
 18252 | Elf:1    | Entered Level 1 of the Elven Halls
 18866 | Elf:1    | Reached XP level 14. HP: 132/132 MP: 16/16
 18906 | Elf:1    | Reached ****** piety under Qazlal
 19309 | Elf:1    | Reached skill level 15 in Armour
 19682 | Elf:1    | Reached skill level 15 in Shields
 19782 | Elf:1    | Reached skill level 15 in Fighting
 19819 | Elf:1    | Cast into level 2 of the Abyss (a deep elf demonologist)
 19899 | Abyss:2  | HP: 4/135 [sun demon (15)]
 19899 | Abyss:2  | Slain by a sun demon

Skill      XL: |  1  2  3  4  5  6  7  8  9 10 11 12 13 14 |
---------------+-------------------------------------------+-----
Armour         | 4 5 6 7 8 9 10 12 13 14 15 | 15.6
Shields        | 4 5 6 7 9 10 11 12 14 15 | 15.0
Fighting       | 4 5 6 7 9 10 11 12 14 15 | 15.3
Long Blades    | 3 4 5 6 7 9 10 11 12 14 | 14.0
Evocations     | 2 5 |  5.0
Dodging        | |  0.4
Stealth        | |  0.4

Action                   |  1- 3 |  4- 6 |  7- 9 | 10-12 | 13-15 || total
-------------------------+-------+-------+-------+-------+-------++-------
Melee: Long sword        |    78 |    40 |       |       |       ||   118
       Headbutt          |    13 |    17 |    53 |   242 |   154 ||   479
       Falchion          |       |    98 |   250 |   897 |   743 ||  1988
Evoke: Wand              |       |       |       |     8 |       ||     8
  Use: Scroll            |       |     7 |     6 |    11 |     9 ||    33
       Potion            |       |       |     1 |     1 |     3 ||     5
 Stab: Paralysed         |       |       |       |     4 |       ||     4
       Distracted        |       |       |       |       |     1 ||     1
  Eat: Ration            |     1 |     1 |     3 |     3 |     1 ||     9
       Chunk             |       |     5 |     3 |    17 |    10 ||    35
Armor: Scale mail        |    27 |    67 |     3 |       |       ||    97
       Ring mail         |       |       |    52 |    76 |       ||   128
       Plate armour      |       |       |       |   135 |    15 ||   150
       Steam dragon scal |       |       |       |       |    58 ||    58
Dodge: Dodged            |    19 |    37 |    41 |   101 |    49 ||   247
       Deflected         |       |       |       |     1 |     6 ||     7
Block: Shield            |    49 |    49 |   128 |   306 |       ||   532
       Large shield      |       |       |       |   349 |   576 ||   925
       Rpst.: Long sword |     5 |     1 |       |       |       ||     6
       Falchion          |       |     6 |    14 |    24 |    13 ||    57
